[Event "Live Chess"]
[Site "Chess.com"]
[Date "2024.06.02"]
[Round "-"]
[White "KyryloPoluliakh"]
[Black "Grace6363"]
[Result "1-0"]
[WhiteElo "1534"]
[BlackElo "1119"]
[TimeControl "300"]
[EndTime "6:19:03 PDT"]
[Termination "KyryloPoluliakh won by resignation"]

1. c4 c5 2. Nc3 Nc6 3. g3 g6 4. Bg2 Bg7 5. e3 d6 6. Nge2 Be6 7. b3 Qa5 8. O-O Nb4 9. d4 cxd4 10. exd4 Nf6 11. Bxb7 Rb8 12. Bg2 Bg4 13. Qd2 O-O 14. Ne4 Bxe2 15. Qxe2 Nxe4 16. Qxe4 Qf5 17. Qxf5 g5 18. Qxg5 1-0

[Event "Live Chess"]
[Site "Chess.com"]
[Date "2024.06.02"]
[Round "-"]
[White "yarek"]
[Black "missedJariChance"]
[Result "1-0"]
[WhiteElo "1748"]
[BlackElo "1393"]
[TimeControl "300"]
[EndTime "6:19:09 PDT"]
[Termination "yarek won by resignation"]

1. e4 c5 2. d4 cxd4 3. c3 Nf6 4. e5 Ne4 5. cxd4 e6 6. Bd3 Ng5 7. h4 Be7 8. hxg5 Bxg5 9. Nf3 Bxc1 10. Qxc1 h6 11.
O-O Nc6 12. a3 a6 13. Nc3 h5 14. Ne4 h4 15. Nd6+ Kf8 16. Ng5 Nxd4 17. Ngxf7 1-0

[Event "Live Chess"]
[Site "Chess.com"]
[Date "2024.06.02"]
[Round "-"]
[White "DoYouLikeCurry"]
[Black "davigator"]
[Result "0-1"]
[WhiteElo "1446"]
[BlackElo "2354"]
[TimeControl "300"]
[EndTime "6:19:11 PDT"]
[Termination "davigator won by checkmate"]

1. e4 c5 2. a3 d5 3. exd5 Qxd5 4. Nc3 Qd8 5. Bb5+ Bd7 6. Bxd7+ Qxd7 7. Nf3 Nc6 8. d3 Nf6 9. Be3 e6 10. O-O Be7 11.
Qd2 Rd8 12. Rfe1 O-O 13. Rad1 Nd4 14. Ne5 Qc7 15. Bxd4 cxd4 16. Nb5 Qb6 17. a4 a6 18. Nc4 Qc6 19. Nba3 b5 20. axb5 axb5 21. Ne5 Qb6 22. Nf3 Rd5 23. Re5 Rfd8 24. Rxd5 Nxd5 25.
Nxd4 Qxd4 26. Nxb5 Qxb2 27. Qa5 Qxc2 28. Ra1 Qxd3 29.
Qa8 Nf4 30. Qa4 g5 31. Na3 Qd5 32. Nc2 Qxg2# 0-1

[Event "Live Chess"]
[Site "Chess.com"]
[Date "2024.06.02"]
[Round "-"]
[White "degringolade64"]
[Black "Crowded_House"]
[Result "1-0"]
[WhiteElo "2107"]
[BlackElo "1624"]
[TimeControl "300"]
[EndTime "6:19:12 PDT"]
[Termination "degringolade64 won by resignation"]

1. e4 e6 2. d4 d5 3. e5 c5 4.
c3 Nc6 5. Nf3 Qb6 6. Bd3 Bd7 7.
dxc5 Bxc5 8. O-O Qc7 9. Re1 Nge7 10. b4 Bb6 11. a4 a6 12. h4 O-O 13. Na3 Ba7 14. h5 h6 15. Bd2 Rac8 16. Rc1 Nb8 17. Bb1 b5 18. axb5 Bxb5 19. Nxb5 axb5 20. Qe2 Nd7 21. Qd3 g6 22. Bxh6 Rfe8 23. Qd2 Nf5 24. hxg6 fxg6 25. Qg5 Nf8 26. Bxf8 Rxf8 27. Qxg6+ Qg7 28.
Qxe6+ Qf7 29. Bxf5 Qxe6 30. Bxe6+ 1-0

[Event "Live Chess"]
[Site "Chess.com"]
[Date "2024.06.02"]
[Round "-"]
[White "Bradfield133"]
[Black "NottheBishopSacrifice"]
[Result "0-1"]
[WhiteElo "1864"]
[BlackElo "2317"]
[TimeControl "300"]
[EndTime "6:19:21 PDT"]
[Termination "NottheBishopSacrifice won on time"]

1. c4 e6 2. e4 d5 3. exd5 exd5 4.
d4 Nf6 5. Nc3 Bb4 6. Nf3 O-O 7.
Be2 Re8 8. O-O c6 9. h3 Bf5 10. Re1 Nbd7 11. Qb3 Bxc3 12. bxc3 b6 13. Bg5 h6 14.
Bxf6 Nxf6 15. cxd5 cxd5 16. Ne5 Qc7 17. Rac1 Rac8 18.
Bb5 Rf8 19. Ba6 Rcd8 20. Re3 Be6 21. Bd3 Ne4 22. Bxe4 dxe4 23. Qc2 f5 24. f4 Bc4 25. Qf2 b5 26. Rb1 a6 27. Rb2 Rc8 28. Qh4 Qd8 29.
Qxd8 Rfxd8 30. Nxc4 Rxc4 31. Rb3 Ra4 32. a3 Rc4 33.
Kf2 g5 34. g3 Kf7 35. fxg5 hxg5 36. Ke2 Re8 37. Kd2 f4 38. gxf4 gxf4 39. Re1 Rc6 40.
Rh1 e3+ 41. Ke2 Rf6 42. Kf3 Rg8 43. Rb2 Rg3+ 44. Ke4 e2 45. Rxe2 Rxc3 46. Kd5 f3 47. Rf2 Rxa3 48. Rhf1 b4 49. Kc4 a5 50. d5 Rc3+ 51. Kb5 b3 52. Kxa5 Rd3 53. Rb1 Rf5 0-1

[Event "Live Chess"]
[Site "Chess.com"]
[Date "2024.06.02"]
[Round "-"]
[White "Ferrarifan27"]
[Black "TheSmoulderingMaster"]
[Result "1-0"]
[WhiteElo "2140"]
[BlackElo "1754"]
[TimeControl "300"]
[EndTime "6:19:40 PDT"]
[Termination "Ferrarifan27 won by resignation"]

1. e4 c5 2. Nf3 d6 3. d4 cxd4 4. Nxd4 Nf6 5. Nc3 g6 6. Nd5 Bg7 7. Nxf6+ Bxf6 8. Bh6 Nc6 9. c3 Bd7 10. Bc4 Ne5 11. Bb3 Qb6 12. f3 O-O-O 13. O-O Nc6 14. Kh1 Bxd4 15. cxd4 Nxd4 16. Bxf7 Qxb2 17. Bg7 Ne6 18.
Bxb2 1-0

[Event "Live Chess"]
[Site "Chess.com"]
[Date "2024.06.02"]
[Round "-"]
[White "juniortay"]
[Black "ACM42"]
[Result "1-0"]
[WhiteElo "2342"]
[BlackElo "2209"]
[TimeControl "300"]
[EndTime "6:19:42 PDT"]
[Termination "juniortay won on time"]

1. e4 e6 2. Nc3 c5 3. Nf3 Nc6 4.
g3 g6 5. Bg2 Bg7 6. O-O Nge7 7.
d4 cxd4 8. Nb5 d5 9. exd5 Nxd5 10. Nbxd4 Nxd4 11. Nxd4 O-O 12. c3 Bd7 13. Re1 Rc8 14. h4 h5 15. Bg5 Qb6 16. Qd2 Nb4 17. a3 Na6 18. Nf5 exf5 19. Qxd7 Nc5 20. Qe7 Qxb2 21. Bd5 Qxc3 22. Rac1 Qa5 23. Bf6 Ne4 24. Bxf7+ Rxf7 25. Rxc8+ Kh7 26. Rxe4 Rxf6 27. Rc7 Qxc7 28. Qxc7 fxe4 29.
Qxb7 a6 30. Kg2 Re6 31. Qc8 Re7 32. Qxa6 e3 33. fxe3 Rxe3 34. Qa7 Re2+ 35. Kf3 Rb2 36. a4 Rb3+ 37. Kg2 Rb2+ 38. Kh3 Rb3 39. a5 Kh6 40. Qe7 Rb5 41. a6 Bd4 42. Qf8+ 1-0

[Event "Live Chess"]
[Site "Chess.com"]
[Date "2024.06.02"]
[Round "-"]
[White "imchessive"]
[Black "Queensandpawns"]
[Result "0-1"]
[WhiteElo "1589"]
[BlackElo "2282"]
[TimeControl "300"]
[EndTime "6:19:48 PDT"]
[Termination "Queensandpawns won by checkmate"]

1. d4 e5 2. dxe5 Nc6 3. Nf3 Qe7 4. g3 Nxe5 5. Bg2 Nxf3+ 6. Bxf3 c6 7. O-O d5 8. Nc3 Nf6 9. Bg5 Bh3 10. Bg2 Bxg2 11. Kxg2 O-O-O 12. a4 h6 13. Bxf6 Qxf6 14. e3 h5 15. a5 h4 16. a6 b6 17. Qg4+ Kb8 18. Ne2 hxg3 19. fxg3 Qe5 20. Nd4 Qc7 21. Rxf7 Qxf7 22. Nxc6+ Kc7 23. Nxd8 Kxd8 24. Rf1 Qd7 25. Qg5+ Be7 26. Qxg7 Qh3+ 27. Kf2 Rf8+ 28. Ke2 Qxf1+ 29. Kd2 Bb4+ 30. c3 Rf2# 0-1

[Event "Live Chess"]
[Site "Chess.com"]
[Date "2024.06.02"]
[Round "-"]
[White "r0ad_t0-gm"]
[Black "matt1979"]
[Result "1-0"]
[WhiteElo "2305"]
[BlackElo "1405"]
[TimeControl "300"]
[EndTime "6:20:39 PDT"]
[Termination "r0ad_t0-gm won by resignation"]

1. Nf3 f5 2. d3 e6 3. e4 fxe4 4. dxe4 Nf6 5. Nc3 Bb4 6. Bg5 O-O 7. e5 h6 8. Bh4 g5 9. Nxg5 hxg5 10. Bxg5 Qe8 11.
Bxf6 1-0

[Event "Live Chess"]
[Site "Chess.com"]
[Date "2024.06.02"]
[Round "-"]
[White "gobbles19"]
[Black "Dashman93"]
[Result "0-1"]
[WhiteElo "2224"]
[BlackElo "2131"]
[TimeControl "300"]
[EndTime "6:20:52 PDT"]
[Termination "Dashman93 won by resignation"]

1. e4 e5 2. d4 Nc6 3. c3 Nf6 4. Bg5 Be7 5. d5 Nb8 6. Nd2 Nxd5 7. Bxe7 Nxe7 8. Ngf3 Nbc6 9. Bc4 O-O 10. O-O d6 11. h3 Ng6 12. b4 Be6 13. Bxe6 fxe6 14. Qb3 Qe7 15. a4 Nf4 16. b5 Nd8 17. Nc4 Nxh3+ 18.
gxh3 Rxf3 19. Kg2 Rf6 20. Ne3 Rg6+ 21. Kh2 Qh4 22. Ng2 Qxe4 0-1

[Event "Live Chess"]
[Site "Chess.com"]
[Date "2024.06.02"]
[Round "-"]
[White "slava_ukr"]
[Black "bobby_jamesFischer86"]
[Result "1-0"]
[WhiteElo "2335"]
[BlackElo "1649"]
[TimeControl "300"]
[EndTime "6:20:53 PDT"]
[Termination "slava_ukr won by resignation"]

1. e4 c5 2. d4 cxd4 3. c3 dxc3 4. Nxc3 d6 5. Bc4 e6 6. Nf3 Nf6 7. O-O Be7 8. Qe2 Bd7 9. Rd1 a6 10. Bf4 Qc7 11. Rac1 Nc6 12. Bb3 Rc8 13. Nd5 Qb8 14.
Nxe7 Nxe7 15. Bxd6 Qa8 16. Ne5 Nc6 17. Nc4 b5 18.
Nb6 Qb7 19. Nxc8 Qxc8 1-0

[Event "Live Chess"]
[Site "Chess.com"]
[Date "2024.06.02"]
[Round "-"]
[White "vincents82"]
[Black "MagnersCarlsberg2870"]
[Result "1-0"]
[WhiteElo "1999"]
[BlackElo "1736"]
[TimeControl "300"]
[EndTime "6:20:56 PDT"]
[Termination "vincents82 won by resignation"]

1. e4 e5 2. Nf3 d6 3. d4 Nd7 4.
Nc3 Ngf6 5. Be3 h6 6. Be2 c6 7.
h3 Qc7 8. Qd2 a5 9. dxe5 dxe5 10. a4 Be7 11. O-O g6 12. Rad1 g5 13. Nh2 Nf8 14. Ng4 Ng6 15. Nxf6+ Bxf6 16. Bg4 Bxg4 17. hxg4 Be7 18. Qe2 Nf4 19. Bxf4 gxf4 20. Qf3 Qb6 21. b3 Bb4 22. Nb1 Be7 23. Nd2 O-O-O 24. Nc4 Qc7 25. Qc3 Bf6 26. Qxa5 Qxa5 27. Nxa5 h5 28. g3 hxg4 29. gxf4 Rdg8 30. Kg2 exf4 31. Nc4 Rh3 32. Rh1 f3+ 33. Kg1 Rgh8 34. Rxh3 Rxh3 35. Ne3 g3 36. fxg3 Rxg3+ 37. Kf2 Bh4 38. Nf5 Rg2+ 39. Kxf3 Rf2+ 40. Ke3 Rh2 41. Nd6+ Kc7 42. Nxf7 Rxc2 43. Rd3 Bf2+ 44. Kf3 Bc5 45. Nh6 Rf2+ 46. Kg4 Bd6 47. Nf5 Be5 48.
Rf3 Rxf3 49. Kxf3 Kb6 50. Ne3 Ka5 51. Nc4+ 1-0

[Event "Live Chess"]
[Site "Chess.com"]
[Date "2024.06.02"]
[Round "-"]
[White "mrsmarple1968"]
[Black "upoe610"]
[Result "0-1"]
[WhiteElo "1734"]
[BlackElo "2143"]
[TimeControl "300"]
[EndTime "6:20:57 PDT"]
[Termination "upoe610 won on time"]

1. e4 e5 2. Bc4 Nf6 3. d3 Nc6 4. Nf3 Bc5 5. O-O h6 6. Re1 Ng4 7. Re2 a6 8. c3 d6 9. Bb3 O-O 10. h3 Nf6 11. Nbd2 Be6 12. Bc2 Nh5 13. Nf1 Qf6 14.
Be3 Bxh3 15. Bxc5 Bxg2 16. Re3 Nf4 17. Ba3 Qg6 18. Ng3 Qg4 19. Nh2 Qh3 20. Qg4 h5 21. Qxh3 Bxh3 22. Nf3 Bg4 23. Rae1 f6 24. Ne2 g5 25. b3 Ne7 26. Bb2 Neg6 27. d4 h4 28. dxe5 dxe5 29. b4 h3 30. Kh2 Kg7 31. Bb3 Ng2 32.
Bc4 Nxe3 33. fxe3 Bxf3 34. Ng3 g4 0-1

[Event "Live Chess"]
[Site "Chess.com"]
[Date "2024.06.02"]
[Round "-"]
[White "jimwad"]
[Black "booktrunk"]
[Result "0-1"]
[WhiteElo "1301"]
[BlackElo "1500"]
[TimeControl "300"]
[EndTime "6:21:06 PDT"]
[Termination "booktrunk won by resignation"]

1. c4 e6 2. g3 h6 3. Bg2 Nc6 4. d4 b6 5. Nc3 Bb7 6. e3 Rb8 7.
Nge2 Bb4 8. O-O Bxc3 9. Nxc3 Nf6 10.
a3 O-O 11. b4 Ne7 12. Bxb7 Rxb7 13. Qf3 Rb8 14. Nb5 a6 15. Nc3 c6 16. Bb2 d5 17.
c5 bxc5 18. dxc5 Ng6 19. Ne2 Ne4 20. Nc3 Nd2 21. Qe2 Nxf1 22. Rxf1 Ne5 23. Nd1 Nc4 24. Bc1 a5 25. Qg4 axb4 26. axb4 Rxb4 27. e4 Ne5 28. Qf4 Rxe4 29. Qd2 Nf3+ 0-1

[Event "Live Chess"]
[Site "Chess.com"]
[Date "2024.06.02"]
[Round "-"]
[White "grillage"]
[Black "McCarthyStone"]
[Result "0-1"]
[WhiteElo "1863"]
[BlackElo "2486"]
[TimeControl "300"]
[EndTime "6:21:30 PDT"]
[Termination "McCarthyStone won by checkmate"]

1. d4 g6 2. Nf3 Bg7 3. g3 Nf6 4. c4 O-O 5. Bg2 d6 6. O-O Nbd7 7. d5 c6 8. Nc3 Nb6 9. Qd3 Nfd7 10. Rb1 Nc5 11. Qd1 Nxc4 12. dxc6 bxc6 13. Nd4 Bd7 14.
Nxc6 Qe8 15. Nd4 Rb8 16. b3 Ne5 17. Nd5 e6 18. Ne3 Nc6 19. Nxc6 Bxc6 20. Qxd6 Bxg2 21.
Kxg2 Ne4 22. Qa6 Nc3 23. Ba3 Rb6 24. Qxa7 Qc6+ 25. Kg1 Nxe2# 0-1

[Event "Live Chess"]
[Site "Chess.com"]
[Date "2024.06.02"]
[Round "-"]
[White "StoreySniper"]
[Black "Dhaydon19"]
[Result "0-1"]
[WhiteElo "2495"]
[BlackElo "2665"]
[TimeControl "300"]
[EndTime "6:21:54 PDT"]
[Termination "Dhaydon19 won on time"]

1. e4 c6 2. b3 d5 3. Bb2 dxe4 4. Nc3 Nf6 5. Qe2 Bf5 6. g3 e6 7. Bg2 Nbd7 8. Nxe4 Be7 9. O-O-O O-O 10. Nc3 a5 11. h3 Nd5 12. Nxd5 cxd5 13. g4 Bg6 14. h4 Bxh4 15. f4 Bf6 16. d4 a4 17. f5 exf5 18.
gxf5 Bxf5 19. Bxd5 Rc8 20. Be4 Bxe4 21. Qxe4 g6 22.
Nf3 axb3 23. axb3 Re8 24. Ne5 Nxe5 25. dxe5 Bg5+ 26. Kb1 Qe7 27. e6 Qxe6 28. Qd4 f6 29. Rdg1 Qe4 30. Qf2 Be3 31. Qh2 g5 32. Re1 Qg6 33.
Qg2 Bf4 34. Qd5+ Qf7 35. Qf5 Rxe1+ 36. Rxe1 Rf8 37. Rg1 Be3 38. Rg3 Bb6 39. Qe4 Bc7 40. Rg2 h6 41. c4 Re8 42. Qxb7 Qg6+ 43. Ka2 Qe4 44. Qxc7 Ra8+ 45. Ba3 Qxg2+ 46. Kb1 Qe4+ 0-1

[Event "Live Chess"]
[Site "Chess.com"]
[Date "2024.06.02"]
[Round "-"]
[White "JohanKjeldahl"]
[Black "GMMickeyAdams"]
[Result "0-1"]
[WhiteElo "1791"]
[BlackElo "2801"]
[TimeControl "300"]
[EndTime "6:22:06 PDT"]
[Termination "GMMickeyAdams won by resignation"]

1. c4 Nf6 2. Nc3 e6 3. e4 d5 4.
e5 d4 5. exf6 dxc3 6. bxc3 Qxf6 7. d4 e5 8. Nf3 exd4 9. cxd4 Bb4+ 10. Bd2 Bxd2+ 11. Qxd2 O-O 12. Be2 Nc6 13. O-O Bg4 14.
Rad1 Rfe8 15. d5 Bxf3 16. Bxf3 Ne5 17. Be4 g6 18. f3 Nxc4 19. Qd3 Qb6+ 20. Kh1 Nb2 21.
Qc2 Nxd1 22. Rxd1 Rad8 23. Rb1 Qa5 24. h4 c6 25. dxc6 bxc6 26. Qxc6 Re6 27. Qb7 Red6 28. Rb5 Qe1+ 29. Kh2 Qxh4+ 0-1

[Event "Live Chess"]
[Site "Chess.com"]
[Date "2024.06.02"]
[Round "-"]
[White "agamilewska"]
[Black "RichardABates"]
[Result "0-1"]
[WhiteElo "1779"]
[BlackElo "2353"]
[TimeControl "300"]
[EndTime "6:22:14 PDT"]
[Termination "RichardABates won by resignation"]

1. d4 Nf6 2. c4 e6 3. Nf3 Bb4+ 4. Nc3 c5 5. e3 Nc6 6. Be2 d6 7. O-O O-O 8. dxc5 dxc5 9. Nb5 a6 10. Qxd8 Rxd8 11. Nc7 Ra7 12. Rd1 Rxd1+ 13. Bxd1 Ba5 14.
Nxe6 Bxe6 15. Be2 Ra8 16. Bd2 Bxd2 17. Nxd2 Rd8 18. Nb3 b6 19. h3 a5 20. a3 Ne5 0-1

[Event "Live Chess"]
[Site "Chess.com"]
[Date "2024.06.02"]
[Round "-"]
[White "DoctorMantisTobogganMD"]
[Black "LL220284LL"]
[Result "1-0"]
[WhiteElo "2202"]
[BlackElo "2476"]
[TimeControl "300"]
[EndTime "6:23:30 PDT"]
[Termination "DoctorMantisTobogganMD won by checkmate"]

1. e4 g6 2. Nc3 Bg7 3. Bc4 e6 4. d4 Ne7 5. Nge2 d5 6. exd5 exd5 7. Bb3 O-O 8. O-O c6 9. Re1 Nd7 10. Nf4 Nf6 11. Nce2 Nf5 12. c3 Nd6 13. Nd3 Bf5 14. Ne5 Nd7 15. Ng3 Be6 16. f4 Nxe5 17. fxe5 Nf5 18. Nxf5 Bxf5 19. Bc2 Bxc2 20. Qxc2 Qd7 21. Bg5 Rae8 22. Re2 Re6 23. Rf1 Qe8 24. Ref2 c5 25.
Bf6 cxd4 26. cxd4 Qc6 27. Bxg7 Qxc2 28. Rxc2 Kxg7 29. Rc7 Rb6 30. Rf2 Rb4 31. Rd2 Kg8 32.
Rd7 Rb5 33. a3 a5 34. Rf2 a4 35. h3 Rb3 36. Rxd5 b5 37. Rd7 b4 38. axb4 Rxb4 39.
d5 Re4 40. Re7 h5 41. d6 Rd4 42. Ra7 Re4 43. Re7 Rd4 44. Kh2 g5 45. Rf5 f6 46. exf6 Rxd6 47. Rxg5+ Kh8 48. Rxh5+ Kg8 49. Rg7# 1-0

[Event "Live Chess"]
[Site "Chess.com"]
[Date "2024.06.02"]
[Round "-"]
[White "ACM42"]
[Black "f4nomore"]
[Result "1-0"]
[WhiteElo "2209"]
[BlackElo "1280"]
[TimeControl "300"]
[EndTime "6:23:40 PDT"]
[Termination "ACM42 won by checkmate"]

1. e4 g6 2. d4 Bg7 3. Nc3 d6 4. Nf3 Nd7 5. Be3 b6 6. a4 Bb7 7.
Bc4 Ngf6 8. e5 dxe5 9. dxe5 Ng4 10. e6 Nxe3 11. exd7+ Kf8 12. fxe3 e6 13. O-O Qe7 14. Qd3 Rd8 15. Rad1 Bc6 16. Bb5 Bxb5 17. Qxb5 Bf6 18. Ne4 Kg7 19. Nxf6 Qxf6 20. Ne5 Qg5 21. Rxf7+ Kh6 22.
h3 Qxe3+ 23. Kh1 Qe2 24. Ng4+ Qxg4 25. hxg4 a6 26. Qd3 c5 27. Qe3+ g5 28. Qxe6# 1-0

[Event "Live Chess"]
[Site "Chess.com"]
[Date "2024.06.02"]
[Round "-"]
[White "TheSmoulderingMaster"]
[Black "Bradfield133"]
[Result "1-0"]
[WhiteElo "1764"]
[BlackElo "1854"]
[TimeControl "300"]
[EndTime "6:23:42 PDT"]
[Termination "TheSmoulderingMaster won by resignation"]

1. e4 c5 2. Nf3 Nc6 3. d4 cxd4 4. Nxd4 g6 5. Nc3 Bg7 6. Be3 Nf6 7. Bc4 Qa5 8. Nb3 Qc7 9. Qd2 Ng4 10. Nd5 Qd8 11.
Bf4 Bxb2 12. Bc7 Bxa1 13. Bxd8 Kxd8 14. Nxa1 e6 15. Nb4 Nge5 16. Nxc6+ bxc6 17. Bd3 Nxd3+ 18. cxd3 Ke7 19. Nb3 d6 20. Ke2 Bd7 21. Rc1 Rhb8 22.
Qg5+ Kf8 23. Qh6+ Kg8 24. Qf4 e5 25. Qf6 Be6 26. Rxc6 Bxb3 27. axb3 Rxb3 28. Rxd6 Rb2+ 29. Ke3 Rb5 30. Rd8+ Rxd8 31. Qxd8+ Kg7 32. Qd7 a6 33. Qc6 Ra5 34. Qc3 Rb5 35. f4 1-0

[Event "Live Chess"]
[Site "Chess.com"]
[Date "2024.06.02"]
[Round "-"]
[White "CheckThis4"]
[Black "WorcesterYork"]
[Result "1-0"]
[WhiteElo "2688"]
[BlackElo "2448"]
[TimeControl "300"]
[EndTime "6:23:43 PDT"]
[Termination "CheckThis4 won by checkmate"]

1. d4 d6 2. Nc3 Nf6 3. e4 Nbd7 4. g4 h6 5. h3 c6 6. Bg2 g6 7. Nge2 Bg7 8. Be3 e5 9. f4 exf4 10.
Nxf4 Qe7 11. Qf3 O-O 12. O-O-O b5 13. h4 b4 14. Nce2 Nb6 15. g5 Ng4 16. Bg1 h5 17.
Kb1 a5 18. Nc1 a4 19. e5 d5 20. Nfd3 Bf5 21. Nc5 Nc4 22. Rh3 Rfb8 23. Qe2 Rb5 24. Rf3 Rxc5 25. dxc5 Be4 26. Rf6 Bxg2 27. Qxg2 Ngxe5 28. Bd4 Ng4 29. Qf3 Bxf6 30. Bxf6 Nxf6 31. gxf6 Qe1 32.
Qd3 Qxh4 33. Rf1 Re8 34. b3 Ne3 35. Rf3 Ng4 36. Qd4 a3 37. Qxb4 Re1 38. Qxa3 Nxf6 39. Qa8+ Kg7 40. Qxc6 Ne4 41. Qxd5 Qh1 42. Qxf7+ Kh6 43.
Qf8+ Kg5 44. Qf4# 1-0

[Event "Live Chess"]
[Site "Chess.com"]
[Date "2024.06.02"]
[Round "-"]
[White "Step-S"]
[Black "Colm_Buckley"]
[Result "0-1"]
[WhiteElo "1248"]
[BlackElo "1883"]
[TimeControl "300"]
[EndTime "6:23:47 PDT"]
[Termination "Colm_Buckley won by resignation"]

1. e4 c6 2. d4 d5 3. Bd3 dxe4 4. Bxe4 Nf6 5. Nc3 Nxe4 6. Nxe4 Bf5 7. f3 e6 8. g4 Bxe4 9. fxe4 Qh4+ 10. Kf1 h5 11. Nf3 Qxg4 12. Rg1 Qxe4 13. Kf2 Nd7 14. Re1 Qf5 15.
Be3 Nf6 16. Rg1 Ng4+ 17. Ke2 Nxe3 18. Kxe3 O-O-O 19. c3 c5 20. Qa4 cxd4+ 21. cxd4 Kb8 22. Rac1 Bd6 23. Rg5 Qf4+ 24. Kf2 Qxc1 25. Ra5 Qxb2+ 26.
Ke3 Qb6 27. Rb5 Qc6 28. Qb3 Rd7 29. a4 Rc8 0-1

[Event "Live Chess"]
[Site "Chess.com"]
[Date "2024.06.02"]
[Round "-"]
[White "NeilDruggan73"]
[Black "resipsa6"]
[Result "0-1"]
[WhiteElo "1708"]
[BlackElo "2023"]
[TimeControl "300"]
[EndTime "6:23:58 PDT"]
[Termination "resipsa6 won by resignation"]

1. d4 c6 2. g3 d5 3. Bg5 g6 4. Nd2 Bg7 5. e3 Bf5 6. Ndf3 Nf6 7. Bxf6 Bxf6 8. Bd3 Bxd3 9. Qxd3 Nd7 10. b4 a5 11. c3 axb4 12. cxb4 Qb6 13. Qc3 O-O 14. Ne2 Ra4 15. a3 Rfa8 16. O-O e6 17. g4 Be7 18. Rfb1 Bd6 19. Ne5 Nxe5 20. dxe5 Be7 21. f4 Bxb4 22. Rxb4 Rxb4 23. axb4 Rxa1+ 24. Qxa1 Qxe3+ 25. Kf1 Qf3+ 26. Kg1 Qxe2 27. Qa8+ Kg7 28. Qxb7 Qxg4+ 29. Kf1 Qxf4+ 30. Kg2 Qe4+ 31. Kg1 d4 32. b5 d3 33. bxc6 d2 34. Qb3 Qe1+ 35. Kg2 Qe2+ 0-1

[Event "Live Chess"]
[Site "Chess.com"]
[Date "2024.06.02"]
[Round "-"]
[White "gmnorfolk"]
[Black "seasidecastle27"]
[Result "1-0"]
[WhiteElo "2152"]
[BlackElo "1942"]
[TimeControl "300"]
[EndTime "6:24:07 PDT"]
[Termination "gmnorfolk won by resignation"]

1. c4 e6 2. Nc3 d5 3. e3 Nf6 4.
Nf3 c5 5. d4 cxd4 6. exd4 Nc6 7.
Bg5 Be7 8. Bd3 dxc4 9. Bxc4 O-O 10. O-O b6 11. Re1 Bb7 12. a3 Rc8 13. Ba2 Nd5 14. Bxe7 Ncxe7 15. Ne4 Ng6 16. g3 Nf6 17. Nc3 Nd5 18.
Rc1 Nxc3 19. bxc3 Qf6 20. Nd2 Qg5 21. Ne4 Qe7 22. a4 Rfd8 23. a5 Qa3 24. Ra1 Qe7 25. axb6 axb6 26. Rb1 Bxe4 27. Rxe4 Rxc3 28. Rxb6 Qa3 29.
Qd2 Rc1+ 30. Kg2 Ra1 31. Rb2 Qa6 32. Qe2 Qc6 33. d5 exd5 34. Rc2 Rxa2 35. Rxc6 Rxe2 36. Rxe2 d4 37. Rd2 d3 38. Rc3 Ne5 39. f4 Ng4 40. Rcxd3 Ne3+ 41. Kf3 Rxd3 42. Rxd3 1-0

[Event "Live Chess"]
[Site "Chess.com"]
[Date "2024.06.02"]
[Round "-"]
[White "oscalik"]
[Black "FMOlexandrProhorov"]
[Result "0-1"]
[WhiteElo "2234"]
[BlackElo "2344"]
[TimeControl "300"]
[EndTime "6:24:10 PDT"]
[Termination "FMOlexandrProhorov won by checkmate"]

1. e4 d5 2. exd5 Nf6 3. d4 Nxd5 4. Nf3 g6 5. Be2 Bg7 6. O-O O-O 7. h3 c5 8. c4 Nb6 9. d5 e6 10. Nc3 exd5 11. Nxd5 Bf5 12. Bg5 f6 13. Bf4 Nc6 14. Bc7 Qd7 15. Bxb6 axb6 16. Nxb6 Qxd1 17. Rfxd1 Ra6 18.
Nd5 Re8 19. Ne3 Be4 20. Rd7 f5 21. Rad1 Rxa2 22. Rxb7 Nd4 23. Rxg7+ Kxg7 24. Nxd4 cxd4 25. Rxd4 Rxb2 26. Rd7+ Kf6 27. c5 Rxe2 28. Rxh7 Rb8 29. c6 Bxc6 30. Rc7 Be4 31. h4 Rb1+ 32. Kh2 Rxf2 33.
h5 gxh5 34. Kg3 Rbb2 35. Kh4 Rb4 36. Kxh5 Bxg2 37. Rc5 Bf3+ 38. Kh6 Rh2# 0-1

[Event "Live Chess"]
[Site "Chess.com"]
[Date "2024.06.02"]
[Round "-"]
[White "Grace6363"]
[Black "degringolade64"]
[Result "1/2-1/2"]
[WhiteElo "1129"]
[BlackElo "2098"]
[TimeControl "300"]
[EndTime "6:24:32 PDT"]
[Termination "Game drawn by agreement"]

1. d4 Nf6 2. c4 e6 3. Nf3 d5 4. cxd5 exd5 5. a3 c6 6. Bg5 Be7 7. Nc3 h6 8. Bh4 Bf5 9. e3 O-O 10. Bd3 Bxd3 11. Qxd3 Ne4 12. Bxe7 Qxe7 13. O-O Nd7 14. Rac1 a5 15. Nd2 f5 16. f3 Nd6 17.
e4 fxe4 18. fxe4 dxe4 19. Ndxe4 Nxe4 20. Qxe4 Qxe4 21. Nxe4 Rae8 22. Rxf8+ Rxf8 23. Nd6 Nf6 24. Nxb7 Rb8 25. Nxa5 Rxb2 26. Nxc6 Ne4 27. Ne7+ Kf7 28. Nf5 Ra2 29. Rf1 Kg8 30. d5 Rxa3 31. d6 Rd3 32. Ne7+ Kh7 33. Nc8 Nxd6 34. Nxd6 Rxd6 35. h3 h5 1/2-1/2

[Event "Live Chess"]
[Site "Chess.com"]
[Date "2024.06.02"]
[Round "-"]
[White "TigerTank70"]
[Black "CarmelJane"]
[Result "0-1"]
[WhiteElo "2196"]
[BlackElo "1998"]
[TimeControl "300"]
[EndTime "6:24:35 PDT"]
[Termination "CarmelJane won on time"]

1. e4 c5 2. d4 cxd4 3. c3 e6 4.
Nf3 Nf6 5. e5 Nd5 6. c4 Bb4+ 7.
Bd2 Bxd2+ 8. Nbxd2 Nb6 9. Nxd4 Nc6 10. Nb5 Nxe5 11. Nd6+ Ke7 12. c5 Nd5 13. Qh5 Ng6 14.
Bc4 Ndf4 15. Qg4 Qa5 16. g3 Qxc5 17. gxf4 Qxd6 18. f5 Qf4 19. Qh3 Ne5 20. Qa3+ d6 21. Be2 Bd7 22. Rd1 Bc6 23. Rg1 g6 24. fxe6 fxe6 25.
Nb3 Rad8 26. Na5 Rhf8 27. Nxc6+ Nxc6 28. Rg2 Qb4+ 29. Qxb4 Nxb4 30. a3 Nd5 31. Bc4 Nf4 32. Rg3 d5 33. Bb3 e5 34. Kf1 d4 35. Re1 Kf6 36. Rg4 d3 37. Re3 h5 38. Rgg3 d2 39. Bd1 Rc8 40. Rc3 Rxc3 41. Rxc3 Rf7 42. f3 Rd7 43.
Kf2 g5 44. Rb3 Nd3+ 45. Ke2 Nc5 46. Rc3 b6 47. b4 Na4 48. Bxa4 Rd4 49. Rd3 Rh4 50.
Kxd2 Rxh2+ 51. Ke3 Ra2 52. Bd7 h4 53. Bg4 Ra1 54. Rd6+ Ke7 55. Rd2 Ke8 56. Ke4 Re1+ 57. Kf5 Ra1 58. Ke6 Rxa3 59. Rc2 Kd8 60. Kd6 Rd3+ 61.
Kxe5 Ke7 62. Ke4 Rd1 63. Rc7+ Kf6 64. Ke3 Re1+ 65. Kf2 Ra1 66. Rc6+ Ke7 67. Rc7+ Kf8 68. Rh7 Kg8 69. Rb7 Ra2+ 70. Ke3 Ra3+ 71. Kd4 Rd3+ 72. Ke5 Kf8 73. Kf6 Rd6+ 74. Ke5 Rd7 75. Ke6 Ke8 76. Bh5+ Kd8 77. Rb8+ Kc7 78. Rb7+ Kc6 0-1

[Event "Live Chess"]
[Site "Chess.com"]
[Date "2024.06.02"]
[Round "-"]
[White "Ninifu"]
[Black "PETROMICH1967"]
[Result "1-0"]
[WhiteElo "2010"]
[BlackElo "1344"]
[TimeControl "300"]
[EndTime "6:24:35 PDT"]
[Termination "Ninifu won by checkmate"]

1. d4 Nf6 2. c4 d6 3. Nc3 Nbd7 4.
e4 e6 5. f4 g6 6. Nf3 Bg7 7.
Be2 c5 8. d5 exd5 9. cxd5 O-O 10. O-O a6 11. a4 Rb8 12. e5 dxe5 13. fxe5 Nxe5 14. Nxe5 Nxd5 15. Qxd5 Qxd5 16. Nxd5 Bxe5 17. Bh6 Bg7 18. Bf4 Bd4+ 19. Kh1 Be6 20. Bxb8 Bxd5 21. Bg3 Bxb2 22. Rab1 Bd4 23. Bf3 Bc4 24. Rfc1 b5 25. axb5 axb5 26. Bc6 Bd3 27. Rxb5 Bxb5 28. Bxb5 Rb8 29. Bc4 Rb2 30. h3 Kg7 31. Rf1 f5 32.
Re1 Bf6 33. Re8 Rb1+ 34. Kh2 Rc1 35. Be6 Bg5 36. h4 Be3 37. Re7+ Kf6 38. Bd6 Bg1+ 39.
Kh3 Bd4 40. Bd5 Rc3+ 41. Kh2 f4 42. Rf7# 1-0

[Event "Live Chess"]
[Site "Chess.com"]
[Date "2024.06.02"]
[Round "-"]
[White "McCarthyStone"]
[Black "booktrunk"]
[Result "1-0"]
[WhiteElo "2486"]
[BlackElo "1500"]
[TimeControl "300"]
[EndTime "6:25:02 PDT"]
[Termination "McCarthyStone won by resignation"]

1. b3 e6 2. Bb2 Nf6 3. Nf3 Nc6 4.
d4 b6 5. e3 Bb7 6. Nbd2 a5 7. a3 Ne7 8. Bd3 Ng6 9. h4 Nh5 10.
Ng5 h6 11. Qxh5 hxg5 12. Qg4 f5 13. Qg3 Bd6 14. f4 gxh4 15. Qxg6+ Kf8 16. d5 Qe7 17. Nf3 Bxd5 18. c4 Bxf3 19. gxf3 Qf7 20. Qxf7+ Kxf7 21. Kf2 Rag8 22. Rag1 Rh7 23. Rh2 Be7 24. e4 fxe4 25. Bxe4 Bf6 26. Bxf6 Kxf6 27. Bxh7 1-0